 Dungeon Crawl Stone Soup version 0.30-a0-778-g2ef04afb54 (webtiles) character file.

Game seed: 13816620713477006281

1296 Flugslaktarn the Cleaver (level 8, 0/71 HPs)
             Began as a Minotaur Fighter on Feb 16, 2023.
             Was an Initiate of Gozag.
             Killed by nerve-wracking pain
             ... invoked by Grinder
              (11 damage)
             ... while paralysed by Grinder
             ... on level 5 of the Dungeon.
             The game lasted 00:02:14 (4756 turns).

Flugslaktarn the Cleaver (Minotaur Fighter)         Turns: 4756, Time: 00:02:15

Health: 0/71       AC: 12    Str: 22    XL:     8   Next: 31%
Magic:  7/7        EV:  2    Int:  5    God:    Gozag
Gold:   289        SH:  0    Dex: 11    Spells: 7/7 levels left

rFire   . . .      SeeInvis .    a - +0 war axe
rCold   . . .      Faith    .    c - +0 buckler
rNeg    . . .      Spirit   .    w - +0 chain mail
rPois   .          Reflect  .    (helmet restricted)
rElec   .          Harm     .    e - +0 cloak
rCorr   .          Rampage  .    (no gloves)
Will    .....                    x - +0 pair of boots Stlth
                                 (no amulet)
HPRegen 0.31/turn                (no ring)
MPRegen 0.10/turn                (no ring)

@: paralysed
A: horns 2, retaliatory headbutt
a: Renounce Religion, Potion Petition, Call Merchant, Bribe Branch


You were on level 5 of the Dungeon.
You worshipped Gozag.
Gozag was aware of your devotion.
You visited 2 branches of the dungeon, and saw 7 of its levels.

You collected 393 gold pieces.
You paid 104 gold pieces to Gozag.

Inventory:

Hand Weapons
 a - a +0 war axe (weapon)
Armour
 b - a +0 scale mail
 c - a +0 buckler (worn)
 e - a +0 cloak (worn)
   (You found it on level 1 of the Dungeon)
 w - a +0 chain mail (worn)
   (You found it on level 3 of the Dungeon)
 x - a +0 pair of boots (worn)
   (You found it on level 3 of the Dungeon)
Jewellery
 h - a ring of magical power
   (You found it on level 1 of the Dungeon)
 i - a ring of see invisible
   (You found it on level 1 of the Dungeon)
Scrolls
 f - a scroll of enchant weapon {unknown}
 g - a scroll of fog {unknown}
 l - a scroll of acquirement {unknown}
 m - 3 scrolls of blinking {unknown}
 n - a scroll of enchant armour {unknown}
 p - 7 scrolls of identify {unknown}
 r - 2 scrolls of teleportation {unknown}
 s - a scroll of fear {unknown}
 v - a scroll of amnesia {unknown}
Potions
 d - a potion of might
 j - a potion of ambrosia
 k - a potion of lignification {unknown}
 o - 2 potions of cancellation {unknown}
 q - 3 potions of curing
 t - 2 potions of mutation {unknown}
 u - a potion of magic {unknown}
 z - 2 potions of flight {unknown}
 A - 2 potions of attraction {unknown}
 B - 2 potions of heal wounds {unknown}


   Skills:
 + Level 6.5 Fighting
 * Level 8.0 Axes
 + Level 6.5 Armour
 + Level 6.5 Shields


You had 7 spell levels left.
You didn't know any spells.
Your spell library was empty.

Dungeon Overview and Level Annotations

Branches:
Dungeon (6/15)             Temple (1/1) D:5

Altars:
Ashenzari
Cheibriados
Elyvilon
Fedhas
Gozag
Hepliaklqana
Nemelex Xobeh
Qazlal
Sif Muna
Trog
Vehumet
Xom
Zin

Shops:
D:3 ?

Annotations:
D:5 Grinder


Innate Abilities, Weirdness & Mutations

You have a pair of horns on your head.
You reflexively headbutt those who attack you in melee.


Message History

Reactivating autopickup.
You block the orc wizard's attack.
You slash the orc wizard!
The orc wizard is almost dead.
The orc wizard hits you but does no damage.
You slash the orc wizard!
You kill the orc wizard!
Your Axes skill increases to level 8!
You start resting.
HP restored.
You now have 246 gold pieces (gained 6).
You now have 255 gold pieces (gained 9).
Things that are here:
a +0 dagger; a +0 robe
n - a scroll labelled PELYNA ZECREOLL You now have 261 gold pieces (gained 6).
You see here a +0 mace.
You now have 268 gold pieces (gained 7).
You now have 284 gold pieces (gained 16).
Things that are here:
a +0 whip; a +0 club; a +0 flail You now have 289 gold pieces (gained 5).
Found a stone staircase leading down.
You see here the +0 ring mail of the Turtledove {Str+2}.
You see here the +10 dagger of Internal Strife {venom, Contam rC+ Dex+8}.
Grinder comes into view.
Grinder shouts!
Grinder gestures at you.
You suddenly lose the ability to move!
Grinder grins, showing sharp teeth.
You can move again.
Grinder blinks!
Grinder blinks!
Things that are here:
a +0 dagger; a +0 robe You aren't carrying any items that you can evoke.
Unknown command.
It was a potion of curing.
You feel better.
q - 3 potions of curing;
f - a scroll labelled XIFUTUON FUFA Grinder says, "DUCK!"
Unknown command.
Grinder says, "Wait up."
Grinder gestures at you.
You suddenly lose the ability to move!
Grinder hits you but does no damage.
Grinder grins, showing sharp teeth.
Grinder hits you but does no damage. Grinder gestures at you.
Pain shoots through your body!
You can move again.
You hit Grinder but do no damage. Grinder hits you but does no damage.
You hit Grinder.
Grinder is lightly wounded.
Grinder barely misses you.
You closely miss Grinder. You headbutt Grinder.
Grinder is moderately wounded.
Grinder says, "DUCK!"
Grinder barely misses you.
You hit Grinder.
Grinder is moderately wounded.
Grinder barely misses you.
You closely miss Grinder.
Grinder is moderately wounded.
Grinder hits you.
You writhe in agony.
You closely miss Grinder. You headbutt Grinder.
Grinder is heavily wounded.
Grinder gestures at you. You resist with some effort. Grinder gestures at you.
Pain shoots through your body!
You hit Grinder.
Grinder is heavily wounded.
Grinder grins, showing sharp teeth.
Grinder blinks!
You hit Grinder. You headbutt Grinder, but do no damage.
Grinder is severely wounded.
Grinder hits you.
You barely miss Grinder.
Grinder is severely wounded.
Grinder hits you but does no damage.
You hit Grinder.
Grinder is severely wounded.
Grinder hits you.
You writhe in agony.
You hit Grinder.
Grinder is almost dead.
Grinder gestures at you. Pain shoots through your body!
You closely miss Grinder.
Grinder is almost dead.
Grinder gestures at you.
You suddenly lose the ability to move!
Grinder hits you.
You writhe in agony.
Grinder hits you.
* * * LOW HITPOINT WARNING * * *
You writhe in agony.
* * * LOW HITPOINT WARNING * * *
Grinder gestures at you. Pain shoots through your body!
You die...
Your body crumbles into a pile of gold.

#...........#.############.#
#.>.........#....<.........#
#..)........#############..#
#...........# #..#
#..#####....##### ######..#
#...............# #......[#
#.######........# #.......#
#.# ####5)...# #.......# #.#
#@...)# #.......#
#.#########.....####........
#..............)..........##
########........#...........
#.........#....#......
#....####.#....#......
#....# #.#....#...... #.####
#.#........... #.#
..........####


You could see Grinder.

Vanquished Creatures
  A black bear (D:5)
  3 ogres
  A gnoll sergeant (D:5)
  3 scorpions
  A howler monkey (D:5)
  4 hounds
  4 orc priests (D:5)
  3 jellies
  3 iguanas (D:5)
  3 orc wizards
  4 gnolls
  6 adders
  An ufetubus (D:5)
  A worm (D:3)
  4 dart slugs
  14 orcs
  5 endoplasms (D:2)
  3 giant cockroaches
  2 goblins
  6 hobgoblins
  2 jackals (D:3)
  8 kobolds
  2 quokkas (D:1)
  4 ball pythons
  10 bats
  6 rats
104 creatures vanquished.

Notes
Turn   | Place    | Note
-------+----------+-------------------------------------------
     0 | D:1      | Flugslaktarn the Minotaur Fighter began the quest for the
                  | Orb.
     0 | D:1      | Reached XP level 1. HP: 19/19 MP: 0/0
   125 | D:1      | Reached XP level 2. HP: 27/27 MP: 1/1
   342 | D:1      | Reached skill level 3 in Axes
   736 | D:2      | Reached XP level 3. HP: 29/33 MP: 2/2
  1549 | D:3      | Found a shimmering altar of Xom.
  1676 | D:3      | Reached XP level 4. HP: 40/40 MP: 3/3
  1892 | D:3      | Found a faded altar of an unknown god.
  1902 | D:3      | Found Niani's Magic Scroll Emporium.
  2139 | D:3      | Reached skill level 4 in Axes
  2457 | D:4      | Noticed a scorpion
  2476 | D:4      | Killed a scorpion
  2477 | D:4      | Reached XP level 5. HP: 47/47 MP: 4/4
  2611 | D:4      | Identified the +6 mace of Risk Management {freeze, rPois
                  | Dex+2}
  2748 | D:4      | Noticed an ogre
  2756 | D:4      | Killed an ogre
  2757 | D:4      | Reached skill level 5 in Axes
  2757 | D:4      | Reached skill level 5 in Shields
  2757 | D:4      | Reached XP level 6. HP: 55/55 MP: 5/5
  2791 | D:4      | Reached skill level 5 in Fighting
  2791 | D:4      | Reached skill level 5 in Armour
  3326 | D:5      | Entered Level 5 of the Dungeon
  3382 | D:5      | Reached skill level 6 in Axes
  3566 | D:5      | Reached XP level 7. HP: 41/61 MP: 6/6
  4055 | D:5      | Found a staircase to the Ecumenical Temple.
  4076 | Temple   | Entered the Ecumenical Temple
  4122 | Temple   | Became a worshipper of Gozag Ym Sagoz the Greedy
  4238 | D:5      | Reached skill level 7 in Axes
  4341 | D:5      | Reached XP level 8. HP: 70/70 MP: 7/7
  4591 | D:5      | Reached skill level 8 in Axes
  4705 | D:5      | Identified the +0 ring mail of the Turtledove {Str+2}
  4710 | D:5      | Identified the +10 dagger of Internal Strife {venom, Contam
                  | rC+ Dex+8}
  4726 | D:5      | Noticed Grinder
  4726 | D:5      | Paralysed by Grinder for 2 turns
  4737 | D:5      | Paralysed by Grinder for 4 turns
  4753 | D:5      | Paralysed by Grinder for 5 turns
  4756 | D:5      | Killed from afar by Grinder

Illustrated notes

Levels and vault maps discovered:
D:1:      psy_arrival_radial01, layout_rooms
D:2:      layout_loops_corners
D:3:      layout_basic, old_standard_altar, serial_shops, shop,
          basic_ecumenical_altar
D:4:      layout_basic, minmay_fractal_squares_diagonal_5
D:5:      kb_forest_paths, layout_basic, nicolae_overflow_crystal_walls,
          minmay_temple_entry_large_hall, uniq_grinder
D:6:      black_bear_nest_1, layout_basic, uniq_menkaure
Temple:   nicolae_temple_bog_church

Skill      XL: |  1  2  3  4  5  6  7  8 |
---------------+-------------------------+-----
Axes           | 3 4 5 6 7 8 |  8.0
Fighting       | 4 5 6 |  6.5
Armour         | 4 5 6 |  6.5
Shields        | 4 5 6 |  6.5

Action                     |  1- 3 |  4- 6 |  7- 9 || total
---------------------------+-------+-------+-------++-------
  Melee: War axe           |    82 |    83 |    81 ||   246
         Headbutt          |     8 |    14 |    18 ||    40
    Use: Potion            |       |     3 |     1 ||     4
 Armour: Scale mail        |    44 |       |       ||    44
         Chain mail        |     2 |    74 |    51 ||   127
  Dodge: Dodged            |    37 |    34 |    19 ||    90
  Block: Buckler           |    19 |    14 |    18 ||    51

Table legend: (Time is in decaauts)
 A = Elapsed time spent in this place.
 B = Non-inter-level travel time spent in this place.
 C = Inter-level travel time spent in this place.
 D = Time resting spent in this place.
 E = Time spent auto-exploring this place.
 F = Levels seen in this place.
 G = Mean time per level.
                   A        B        C        D        E       F      G
               +--------+--------+--------+--------+--------+-----+--------+
         Total |   4847 |   4694 |    153 |    145 |   3812 |   7 |  692.4 |
       Dungeon |   4785 |   4643 |    142 |    145 |   3785 |   6 |  797.5 |
        Temple |     61 |     50 |     11 |      0 |     27 |   1 |   61.0 |
               +--------+--------+--------+--------+--------+-----+--------+

Top non-repeatable levels by time:
     D:5: 1310 daAuts
     D:4: 1059 daAuts
     D:3: 1008 daAuts
     D:2: 870 daAuts
     D:1: 534 daAuts
  Temple: 61 daAuts
     D:6: 1 daAuts
